 Dungeon Crawl Stone Soup version 0.26.1-2-gb8aa6d0cf2 (webtiles) character file.

Game seed: 3128936334703866455

70674 Berahthraban the Destroyer (level 15, -4/115 HPs)
             Began as a Human Conjurer on Feb 2, 2021.
             Was an Elder of Sif Muna.
             Slain by a freezing wraith (12 damage)
             ... on level 13 of the Dungeon on Feb 11, 2021.
             The game lasted 03:11:25 (25850 turns).

Berahthraban the Destroyer (Human Conjurer)        Turns: 25850, Time: 03:11:25

Health: -4/115     AC: 12    Str:  8    XL:     15   Next: 79%
Magic:  4/30       EV: 19    Int: 29    God:    Sif Muna [****..]
Gold:   2021       SH:  0    Dex: 13    Spells: 19/36 levels left

rFire    + . .     SeeInvis +   x - +3 long sword "Viyvuj" {vorpal, rElec Str+4}
rCold    . . .     Faith    .   (no shield)
rNeg     . . .     Spirit   .   K - +2 leather armour {Will+}
rPois    .         Reflect  .   E - +2 helmet "Zajom" {rCorr}
rElec    +         Harm     .   c - +1 cloak
rCorr    +         Rampage  .   (no gloves)
Will     ++...                  u - +1 pair of boots {Fly}
Stlth    ++........             k - amulet "Newko" {Acrobat Str-4 Slay+4 SInv}
HPRegen  0.29/turn              o - +6 ring of intelligence
MPRegen  0.22/turn              A - ring of protection from fire {rF+,}

@: about to teleport, berserk cooldown, flying, hasted and slowed
A: no striking features
a: Stop Flying, Renounce Religion, Channel Magic, Forget Spell, Divine Exegesis


You were on level 13 of the Dungeon.
You worshipped Sif Muna.
Sif Muna was greatly pleased with you.
You visited 4 branches of the dungeon, and saw 21 of its levels.
You also visited: Bailey.

You collected 2785 gold pieces.
You spent 764 gold pieces at shops.

Inventory:

Hand Weapons
 x - the +3 long sword "Viyvuj" (weapon) {vorpal, rElec Str+4}
   (You found it in a bailey)

   It inflicts extra damage upon your enemies.
   It affects your strength (+4).
   It insulates you from electricity.
Missiles
 a - 9 curare-tipped darts
 l - 37 poisoned darts
 V - a throwing net {=f, !d}
Armour
 c - a +1 cloak (worn)
   (You found it on level 1 of the Dungeon)
 u - a +1 pair of boots of flying (worn)
   (You found it on level 5 of the Lair of Beasts)
 E - the +2 helmet "Zajom" (worn) {rCorr}
   (You found it on level 8 of the Dungeon)

   It provides partial protection from all sources of acid and corrosion.
 J - a +3 leather armour of fire resistance
   (You found it on level 10 of the Dungeon)
 K - a +2 leather armour of willpower (worn)
   (You took it off a deep elf mage on level 13 of the Dungeon)
Magical Staves
 j - an uncursed staff of death {rN+}
   (You found it in a bailey)
 U - an uncursed staff of cold {rC+}
   (You took it off a big kobold on level 6 of the Dungeon)
Jewellery
 g - a +6 ring of strength
   (You found it on level 11 of the Dungeon)
 h - an uncursed amulet of magic regeneration
   (You found it on level 11 of the Dungeon)
 k - the amulet "Newko" (around neck) {Acrobat Str-4 Slay+4 SInv}
   (You bought it in a shop on level 2 of the Orcish Mines)

   [amulet of the acrobat]

   It helps you evade while moving and waiting.
   It affects your strength (-4).
   It affects your accuracy and damage with ranged weapons and melee attacks
   (+4).
   It lets you see invisible.
 o - a +6 ring of intelligence (left hand)
   (You found it on level 2 of the Dungeon)
 q - a +4 ring of slaying
   (You found it on level 2 of the Dungeon)
 A - a ring of protection from fire (right hand) {rF+,}
   (You found it on level 6 of the Dungeon)
 I - the macabre finger necklace {rN+}
   (You took it off an orc on level 13 of the Dungeon)

   [amulet of nothing]

   It protects you from negative energy.
 S - an uncursed ring of poison resistance {rPois,}
   (You found it on level 1 of the Lair of Beasts)
Wands
 r - a wand of paralysis (14)
   (You found it on level 2 of the Dungeon)
 v - a wand of iceblast (19)
   (You found it in a bailey)
 D - a wand of digging (13)
   (You found it on level 6 of the Dungeon)
 G - a wand of disintegration (9)
   (You found it on level 7 of the Dungeon)
 L - a wand of polymorph (4)
   (You found it on level 1 of the Lair of Beasts)
Scrolls
 f - 5 scrolls of fog {!r}
 i - 3 scrolls of identify
 n - a scroll of enchant armour
 s - 2 scrolls of summoning
 t - 10 scrolls of teleportation
 w - 4 scrolls of immolation {!r}
 B - a scroll of blinking {!r}
 F - a scroll of fear
 M - 8 scrolls of magic mapping {!r}
 R - 5 scrolls of remove curse
 X - a scroll of silence
Potions
 b - 4 potions of ambrosia
 d - a potion of mutation {!q}
 e - 4 potions of berserk rage {!q}
 m - 9 potions of might
 p - 7 potions of lignification {!q}
 y - 3 potions of brilliance
 z - a potion of magic
 C - 6 potions of curing
 H - 2 potions of haste
 N - 2 potions of attraction {!q}
 Q - 2 potions of cancellation
 Z - 2 potions of invisibility
Miscellaneous
 P - a box of beasts
   (You found it on level 10 of the Dungeon)
 W - a lightning rod (4/4)
   (You found it on level 3 of the Lair of Beasts)


   Skills:
 - Level 10.0 Fighting
 - Level 13.0 Dodging
 - Level 2.0 Stealth
 - Level 11.0 Spellcasting
 - Level 13.0 Conjurations
 - Level 5.0 Translocations
 + Level 4.5 Air Magic
 - Level 12.0 Invocations


You had 19 spell levels left.
You knew the following spells:

 Your Spells              Type           Power        Failure   Level
b - Blink                 Tloc           N/A          1%          2
f - Dazzling Flash        Conj/Hex       100%         1%          3
i - Iskenderun's Mystic   Conj/Tloc      62%          1%          4
l - Lightning Bolt        Conj/Air       30%          3%          5
u - Searing Ray           Conj           100%         1%          2
z - Magic Dart            Conj           100%         1%          1

Your spell library contained the following spells:

 Spells                   Type           Power        Failure   Level
 Conjure Flame            Conj/Fire      52%          1%          3
 Mephitic Cloud           Conj/Pois/Air  49%          1%          3
 Poisonous Vapours        Pois/Air       58%          3%          2
 Fulminant Prism          Conj/Hex       26%          3%          4
 Corona                   Hex            16%          4%          1
 Call Imp                 Summ           15%          8%          2
 Ensorcelled Hibernation  Hex/Ice        30%          8%          2
 Slow                     Hex            15%          8%          2
 Call Canine Familiar     Summ           15%          14%         3
 Confusing Touch          Hex            15%          14%         3
 Summon Guardian Golem    Hex/Summ       15%          14%         3
 Tukima's Dance           Hex            15%          14%         3
 Conjure Ball Lightning   Conj/Air       30%          21%         6
 Animate Dead             Necr           7%           43%         4
 Summon Forest            Summ/Tloc      15%          43%         5
 Iron Shot                Conj/Erth      26%          45%         6
 Silence                  Hex/Air        14%          47%         5
 Borgnjor's Vile Clutch   Necr/Erth      7%           80%         5
 Death Channel            Necr           7%           100%        6
 Simulacrum               Ice/Necr       7%           100%        6
 Haunt                    Necr/Summ      7%           100%        7
 Chain Lightning          Conj/Air       30%          100%        8
 Shatter                  Erth           7%           100%        9


Dungeon Overview and Level Annotations

Branches:
Dungeon (13/15)            Temple (1/1) D:4            Lair (5/6) D:10
  Swamp (0/4) Lair:3        Snake (0/4) Lair:2          Orc (2/2) D:10
    Elf (0/3) Orc:2        Vaults (0/5) D:13         Bailey (visited)
  Slime: Lair:5-6

Altars:
Ashenzari
Cheibriados
Dithmenos
Elyvilon
Fedhas
Gozag
Hepliaklqana
Kikubaaqudgha
Makhleb
Nemelex Xobeh
Okawaru
Qazlal
Ru
Sif Muna
Trog
Uskayaw
Vehumet
Wu Jian
Xom
Yredelemnul
Zin
The Shining One

Shops:
Orc:1 ?   Orc:2 ([=?

Portals:
Trove: D:11 (give +5 demon whip)

Annotations:
D:1 cleared
D:2 cleared
D:3 cleared
D:4 cleared
D:5 cleared
D:6 cleared
D:7 cleared
D:8 cleared
D:9 cleared, exclusion: downstairs
D:10 cleared
D:11 cleared
D:12 otherwise cleared, exclusion: ugly thing, Maurice
D:13 need Will+, Kirke
Lair:1 cleared
Lair:2 cleared, exclusion: downstairs
Lair:3 cleared
Lair:4 cleared, exclusion: downstairs
Lair:5 cleared


Message History

You kill the deep elf mage!
Sif Muna accepts your kill.
The mystic blast hits the freezing wraith but does no damage.
The freezing wraith is severely damaged.
The freezing wraith hits you! The freezing wraith freezes you!
The freezing wraith misses you.
You take 29 damage, and have 38/115 hp.
MASSIVE DAMAGE!!
You now have 3/30 mp.
Warning x3: The tengu conjurer is fast and can cast Force Lance, IMB, Venom Bolt!
The centaur warrior can hit for high damage at range!
The freezing wraith can hit for high cold damage and slow you in melee!
U - an uncursed staff of cold (weapon)
{rC+} Warning x3: The tengu conjurer is fast and can cast Force Lance, IMB, Venom Bolt, Lightning Bolt!
The centaur warrior can hit for high damage at range!
The freezing wraith can slow you in melee!
As you read the scroll of teleportation, it crumbles to dust.
You feel strangely unstable. The freezing wraith hits you.
The freezing wraith freezes you! You resist.
* * * LOW HITPOINT WARNING * * *
The freezing wraith hits you!
* * * LOW HITPOINT WARNING * * *
The freezing wraith drains your vigour!
You feel yourself slow down.
The tengu conjurer casts a spell.
The tengu conjurer blinks!
You take 25 damage, and have 13/115 hp.
MASSIVE DAMAGE!!
Warning x3: The freezing wraith can slow you in melee!
The centaur warrior can hit for high damage at range!
The tengu conjurer is fast and can cast Force Lance, IMB, Venom Bolt, Lightning Bolt!
Casting: Iskenderun's Mystic Blast (mildly dangerous; 1% risk of failure)
Confirm with . or Enter, or press ? or * to list all spells.
You blink.
You now have 2/30 mp.
Warning x2: The tengu conjurer is fast and can cast Force Lance, IMB, Venom Bolt, Lightning Bolt!
The freezing wraith can slow you in melee!
Okay, then.
Warning x2: The tengu conjurer is fast and can cast Force Lance, IMB, Venom Bolt, Lightning Bolt!
The freezing wraith can slow you in melee!
Unknown command.
Warning x2: The tengu conjurer is fast and can cast Force Lance, IMB, Venom Bolt, Lightning Bolt!
The freezing wraith can slow you in melee!
Press: ? - help, v - describe, . - travel, g - get item
Here: a tengu conjurer, wearing a +0 buckler (almost dead) Item here: a +0 antimagic halberd.
The floor.
Warning x2: The tengu conjurer is fast and can cast Force Lance, IMB, Venom Bolt, Lightning Bolt!
The freezing wraith can slow you in melee!
Really quaff
e - 5 potions of berserk rage {!q}?
A red film seems to cover your vision as you go berserk!
You feel yourself moving faster!
You feel mighty!
Your surroundings seem slightly different.
You now have 21/172 hp.
Spoiler Alert: The tengu conjurer is fast and can cast Force Lance, IMB, Venom Bolt, Lightning Bolt!
You are too berserk!
Spoiler Alert: The tengu conjurer is fast and can cast Force Lance, IMB, Venom Bolt, Lightning Bolt!
You feel stronger.
x - the +3 long sword "Viyvuj" (weapon)
{vorpal, rElec Str+4} You feel a strong urge to attack something.
Warning x2: The tengu conjurer is fast and can cast Force Lance, IMB, Venom Bolt!
The freezing wraith can hit for high cold damage and slow you in melee!
You are too berserk!
Warning x2: The tengu conjurer is fast and can cast Force Lance, IMB, Venom Bolt!
The freezing wraith can hit for high cold damage and slow you in melee!
You are too berserk!
Warning x2: The tengu conjurer is fast and can cast Force Lance, IMB, Venom Bolt!
The freezing wraith can hit for high cold damage and slow you in melee!
Warning x2: The tengu conjurer is fast and can cast Force Lance, IMB, Venom Bolt!
The freezing wraith can hit for high cold damage and slow you in melee!
You feel your anger nearly subside.
Warning x2: The tengu conjurer is fast and can cast Force Lance, IMB, Venom Bolt!
The freezing wraith can hit for high cold damage and slow you in melee!
The tengu conjurer blocks your attack.
The tengu conjurer is almost dead.
You are no longer berserk.
You pass out from exhaustion.
You feel as though you will be slow longer.
The tengu conjurer hits you.
* * * LOW HITPOINT WARNING * * *
The tengu conjurer pecks you but does no damage.
The tengu conjurer claws you but does no damage.
The tengu conjurer hits you.
* * * LOW HITPOINT WARNING * * *
The tengu conjurer pecks you but does no damage.
The tengu conjurer claws you but does no damage.
The tengu conjurer hits you but does no damage.
The tengu conjurer pecks you but does no damage.
The tengu conjurer claws you.
* * * LOW HITPOINT WARNING * * *
You can move again.
You now have 10/115 hp.
Warning x2: The tengu conjurer is fast and can cast Force Lance, IMB, Venom Bolt!
The freezing wraith can hit for high cold damage and slow you in melee!
You feel yourself speed up.
The tengu conjurer mumbles some strange words.
The tengu conjurer blinks!
The freezing wraith closely misses you.
You riposte.
You hit the freezing wraith.
The freezing wraith is severely damaged.
The freezing wraith misses you.
Warning x2: The tengu conjurer is fast and can cast Force Lance, IMB, Venom Bolt!
The freezing wraith can hit for high cold damage and slow you in melee!
The tengu conjurer closely misses you.
The tengu conjurer completely misses you.
The tengu conjurer closely misses you.
Warning x2: The tengu conjurer is fast and can cast Force Lance, IMB, Venom Bolt!
The freezing wraith can hit for high cold damage and slow you in melee!
The tengu conjurer gestures at you while chanting.
The bolt of lightning hits you. You resist.
* * * LOW HITPOINT WARNING * * *
You take 4 damage, and have 7/115 hp.
Warning x2: The freezing wraith can hit for high cold damage and slow you in melee!
The tengu conjurer is fast and can cast Force Lance, IMB, Venom Bolt!
Unknown command.
Warning x2: The freezing wraith can hit for high cold damage and slow you in melee!
The tengu conjurer is fast and can cast Force Lance, IMB, Venom Bolt!
As you read the scroll of teleportation, it crumbles to dust.
You feel strangely unstable. The freezing wraith hits you!
You die...

##..##
#.......#.#.#.# # .#
#...∩...#...#.#
.....
#.......#.###.#
.....
#########...#.#
####.#
#######.#...<#.# .
#....*......##.#####
#.........).....)...
#...Q.......###..#.#
#..@W9..............
##########..#*#.#.#.
#.##)###### #..#9(
#. #.##.#≈ ##
#..#§#c# #. #.##*# #
## #..#.# #.
##)######+##


You could see a freezing wraith, a tengu conjurer, a gargoyle and a
battlesphere.

Vanquished Creatures
  A stone giant (Orc:2)
  Nessos (Lair:4)
  Josephine (Orc:1)
  2 ogre magi (Orc:2)
  Harold (Lair:2)
  Fannar (Orc:1)
  7 hydras
  An anaconda (Lair:5)
  2 boulder beetles
  13 two-headed ogres
  A death yak (Lair:5)
  2 tengu warriors (D:13)
  Sonja (D:10)
  A fire crab (Lair:5)
  A wizard (D:13)
  An unseen horror (D:10)
  2 deep trolls (Orc:2)
  Pikel (D:8)
  2 orc knights
  A wolf spider (Lair:4)
  An ugly thing (D:13)
  3 orc sorcerers
  2 deep elf magi (D:13)
  3 cyclopes
  3 manticores
  4 black mambas (Lair:5)
  2 elephants (Lair:5)
  12 cane toads
  Maggie (D:7)
  4 rime drakes
  2 komodo dragons
  A tengu conjurer (D:13)
  3 blink frogs (Lair:3)
  16 trolls
  4 slime creatures (D:13)
  3 polar bears
  A raiju (shapeshifter) (D:11)
  A redback (Lair:4)
  A vampire (D:13)
  A tarantella (Lair:4)
  8 spriggans
  51 yaks
  The ghost of Cykl0x the Covered, an amateur MiFi (D:3)
  9 wyverns
  4 wraiths (Orc:1)
  A basilisk (Lair:5)
  2 steam dragons (D:5)
  Menkaure (D:4)
  4 nagas (Lair:2)
  A warg (Orc:2)
  8 water moccasins
  4 sky beasts
  4 phantoms
  18 orc warriors
  3 black bears (Lair:4)
  3 ice beasts
  23 wolves
  24 ogres
  4 centaurs
  A lemure (D:8)
  9 big kobolds
  2 gnoll sergeants
  24 bullfrogs
  A water moccasin zombie (D:11)
  3 scorpions
  8 wights
  5 howler monkeys
  3 electric eels
  3 lava snakes (Lair:4)
  3 jellies
  6 hounds
  A quasit (D:7)
  Crazy Yiuf (D:5)
  15 orc priests
  3 centaur skeletons
  A gnoll shaman (Orc:1)
  17 orc wizards
  4 bullfrog skeletons
  5 iguanas
  A killer bee zombie (D:5)
  8 worker ants
  2 hound skeletons
  A hound zombie (D:9)
  The ghost of Richi the Conjurer, a weakling GrCj (D:6)
  A mummy (D:3)
  A worker ant zombie (D:10)
  Robin (D:4)
  A howler monkey skeleton (D:5)
  15 gnolls
  8 adders
  4 shadow imps
  3 white imps (D:6)
  2 ufetubi
  2 oozes
  2 adder zombies
  3 worms
  A dart slug (D:3)
  6 leopard geckos
  57 orcs
  3 ball pythons (D:4)
  8 bats
  5 giant cockroaches
  12 hobgoblins
  10 jackals
  22 kobolds
  7 quokkas
  7 frilled lizards
  20 goblins
  A leopard gecko skeleton (D:3)
  A quokka zombie (D:6)
  10 rats
625 creatures vanquished.

Vanquished Creatures (collateral kills)
  A cane toad (Lair:2)
1 creature vanquished.

Vanquished Creatures (others)
  45 fungi
  57 plants
102 creatures vanquished.

Grand Total: 728 creatures vanquished

Notes
Turn   | Place    | Note
-------+----------+-------------------------------------------
     0 | D:1      | Berahthraban the Human Conjurer began the quest for the
                  | Orb.
     0 | D:1      | Reached XP level 1. HP: 13/13 MP: 3/3
   385 | D:1      | Reached XP level 2. HP: 19/19 MP: 1/5
   506 | D:1      | Learned a level 2 spell: Searing Ray
   835 | D:1      | Reached XP level 3. HP: 24/24 MP: 4/6
  1016 | D:1      | Reached skill level 5 in Conjurations
  1305 | D:2      | Reached XP level 4. HP: 30/30 MP: 2/7
  1790 | D:2      | Reached skill level 6 in Conjurations
  1790 | D:2      | Reached XP level 5. HP: 35/35 MP: 1/8
  1790 | D:2      | Upgraded the game from 0.26.0-90-g5fd8617961 to 0.26.1
  2001 | D:2      | Found a shimmering altar of Xom.
  2549 | D:3      | Found a transporter.
  2549 | D:3      | Noticed Cykl0x's ghost (amateur MiFi)
  2659 | D:3      | Found a stormy altar of Qazlal.
  2692 | D:3      | Reached skill level 3 in Spellcasting
  2990 | D:3      | Found a transporter.
  3064 | D:3      | Found a hide-covered altar of Uskayaw.
  3100 | D:4      | Learned a level 2 spell: Blink
  3151 | D:4      | Noticed Robin
  3169 | D:4      | Reached XP level 6. HP: 39/41 MP: 7/10
  3175 | D:4      | Killed Robin
  3269 | D:4      | Reached skill level 3 in Dodging
  3269 | D:4      | Reached skill level 1 in Translocations
  3473 | D:4      | Found a staircase to the Ecumenical Temple.
  3480 | Temple   | Entered the Ecumenical Temple
  3630 | D:4      | Reached skill level 2 in Translocations
  4075 | D:4      | Noticed Menkaure
  4084 | D:4      | Killed Menkaure
  4085 | D:4      | Reached skill level 4 in Dodging
  4085 | D:4      | Reached XP level 7. HP: 28/46 MP: 1/11
  4374 | D:5      | Entered Level 5 of the Dungeon
  4377 | D:5      | Reached skill level 5 in Dodging
  4546 | D:5      | Found a runed translucent door.
  4547 | D:5      | Noticed Crazy Yiuf
  4660 | D:5      | Reached skill level 6 in Dodging
  4674 | D:5      | Reached XP level 8. HP: 37/52 MP: 8/12
  4767 | D:5      | Found a blossoming altar of Fedhas.
  4843 | D:5      | Reached skill level 7 in Conjurations
  5083 | D:5      | Reached skill level 8 in Conjurations
  5309 | D:5      | Killed Crazy Yiuf
  5671 | D:6      | Found a runed translucent gate.
  5673 | D:6      | Found a runed translucent gate.
  5674 | D:6      | Found a runed translucent gate.
  5881 | D:6      | Reached XP level 9. HP: 57/57 MP: 9/13
  5897 | D:6      | Reached skill level 9 in Conjurations
  5984 | D:6      | Found a shimmering blue altar of Sif Muna.
  5990 | D:6      | Became a worshipper of Sif Muna the Loreminder
  6086 | D:6      | Reached skill level 4 in Spellcasting
  6154 | D:6      | Noticed Richi's ghost (weakling GrCj)
  6423 | D:6      | Reached skill level 5 in Spellcasting
  6441 | D:6      | Killed Richi's ghost
  6592 | D:5      | Reached skill level 7 in Dodging
  6592 | D:5      | Reached skill level 6 in Spellcasting
  6596 | D:5      | Reached skill level 1 in Invocations
  6870 | D:7      | Reached XP level 10. HP: 63/63 MP: 9/19
  6937 | D:7      | Found an opulent altar of Gozag.
  6980 | D:7      | Reached skill level 2 in Invocations
  6993 | D:7      | Reached skill level 8 in Dodging
  7027 | D:7      | Reached * piety under Sif Muna
  7136 | D:7      | Found a blossoming altar of Fedhas.
  7137 | D:7      | Found an ancient bone altar of Kikubaaqudgha.
  7142 | D:7      | Found a basalt altar of Yredelemnul.
  7346 | D:7      | Noticed Maggie
  7548 | D:7      | Found a hazy altar of Hepliaklqana.
  7767 | D:8      | Reached skill level 3 in Invocations
  7958 | D:8      | Reached skill level 9 in Dodging
  8034 | D:8      | Got an ancient helmet
  8045 | D:8      | Identified the +2 helmet "Zajom" {rCorr} (You found it on
                  | level 8 of the Dungeon)
  8131 | D:8      | Noticed Pikel
  8140 | D:8      | Killed Pikel
  8141 | D:8      | Reached skill level 5 in Invocations
  8477 | D:8      | Reached skill level 6 in Invocations
  8915 | D:9      | Reached skill level 7 in Invocations
  8991 | D:9      | Reached ** piety under Sif Muna
  9357 | D:9      | Reached skill level 8 in Invocations
  9953 | D:10     | Entered Level 10 of the Dungeon
  9971 | D:10     | Reached XP level 11. HP: 68/68 MP: 15/20
 10042 | D:10     | Found a staircase to the Lair.
 10082 | D:10     | Noticed a two-headed ogre
 10139 | D:10     | Killed a two-headed ogre
 10176 | D:10     | Found a flagged portal.
 10192 | D:10     | Reached skill level 9 in Invocations
 10273 | Bailey   | Entered a bailey
 10370 | Bailey   | Reached skill level 7 in Spellcasting
 10417 | Bailey   | Reached *** piety under Sif Muna
 10493 | Bailey   | Found an iron altar of Okawaru.
 10502 | Bailey   | Got an ichor-stained long sword
 10503 | Bailey   | Identified the +3 long sword "Viyvuj" {vorpal, rElec Str+4}
                  | (You found it in a bailey)
 10615 | D:10     | Noticed a two-headed ogre
 10618 | D:10     | Noticed Sonja
 10622 | D:10     | Killed a two-headed ogre
 10623 | D:10     | Reached skill level 8 in Spellcasting
 10631 | D:10     | Killed Sonja
 10860 | D:10     | Noticed a two-headed ogre
 10868 | D:10     | Killed a two-headed ogre
 10869 | D:10     | Reached skill level 9 in Spellcasting
 11254 | D:10     | Found a staircase to the Orcish Mines.
 11411 | D:10     | Killed an unseen horror
 11632 | D:10     | Learned a level 3 spell: Dazzling Flash
 11635 | Lair:1   | Entered Level 1 of the Lair of Beasts
 11636 | Lair:1   | Upgraded the game from 0.26.1 to 0.26.1-2-gb8aa6d0cf2
 11783 | Lair:1   | Noticed an eight-headed hydra
 11834 | Lair:1   | Killed an eight-headed hydra
 11835 | Lair:1   | Reached skill level 10 in Dodging
 11835 | Lair:1   | Reached skill level 10 in Conjurations
 11835 | Lair:1   | Reached XP level 12. HP: 24/74 MP: 10/25
 12158 | Lair:1   | Learned a level 4 spell: Iskenderun's Mystic Blast
 12358 | Lair:1   | Noticed a five-headed hydra
 12369 | Lair:1   | Killed a five-headed hydra
 12695 | Lair:2   | Found the +27 Lear's hauberk
 12797 | Lair:2   | Reached skill level 3 in Translocations
 12829 | Lair:2   | Found a staircase to the Snake Pit.
 12841 | Lair:2   | Reached skill level 4 in Translocations
 13087 | Lair:2   | Found a blossoming altar of Fedhas.
 13261 | Lair:2   | HP: 18/74 [poisoned by a cane toad]
 13608 | Lair:2   | Got a jewelled spear
 13652 | Lair:2   | Noticed Harold
 13668 | Lair:2   | Killed Harold
 13669 | Lair:2   | Reached skill level 11 in Dodging
 13669 | Lair:2   | Reached skill level 11 in Conjurations
 13940 | Lair:3   | Found a staircase to the Swamp.
 14165 | Lair:3   | Reached **** piety under Sif Muna
 14174 | Lair:3   | Reached skill level 10 in Spellcasting
 14174 | Lair:3   | Reached skill level 1 in Fighting
 14281 | Lair:3   | Noticed a six-headed hydra
 14301 | Lair:3   | Killed a six-headed hydra
 14302 | Lair:3   | Reached skill level 2 in Fighting
 14302 | Lair:3   | Reached XP level 13. HP: 56/85 MP: 16/27
 14381 | Lair:3   | Reached skill level 3 in Fighting
 14399 | Lair:3   | Reached skill level 4 in Fighting
 14409 | Lair:3   | Reached skill level 5 in Fighting
 14567 | Lair:3   | Identified the +7 spear of the Evil Eye {speed, Str+2} (You
                  | found it on level 2 of the Lair of Beasts)
 14649 | Lair:3   | Reached skill level 6 in Fighting
 15060 | Lair:3   | Reached skill level 7 in Fighting
 15118 | Lair:3   | Got an ichor-stained scale mail
 15119 | Lair:3   | Identified the +6 scale mail of Tineaciv {MP+9 SInv} (You
                  | found it on level 3 of the Lair of Beasts)
 15597 | Lair:4   | Reached skill level 8 in Fighting
 15610 | Lair:4   | Reached ***** piety under Sif Muna
 15610 | Lair:4   | Identified Sif Muna's Papyrus of Bewitching Black Rites
                  | (Sif Muna gifted it to you on level 4 of the Lair of
                  | Beasts)
 15610 | Lair:4   | Received a gift from Sif Muna
 15893 | Lair:4   | Noticed Nessos
 15905 | Lair:4   | Killed Nessos
 15906 | Lair:4   | Reached skill level 9 in Fighting
 16354 | Lair:4   | Found a runed translucent door.
 16807 | Lair:4   | Got an iridescent whip
 16816 | Lair:4   | Noticed a boulder beetle
 16832 | Lair:4   | Killed a boulder beetle
 17159 | Lair:5   | Noticed a four-headed hydra
 17169 | Lair:5   | Killed a four-headed hydra
 17503 | Lair:5   | Noticed an anaconda
 17503 | Lair:5   | Noticed a five-headed hydra
 17511 | Lair:5   | HP: 25/101 [anaconda (13)]
 17512 | Lair:5   | Killed a five-headed hydra
 17512 | Lair:5   | Killed an anaconda
 17513 | Lair:5   | Reached XP level 14. HP: 24/108 MP: 15/28
 18055 | Lair:5   | Reached skill level 5 in Translocations
 18152 | Lair:5   | Reached skill level 12 in Conjurations
 18163 | Lair:5   | Reached skill level 12 in Dodging
 19396 | D:3      | Identified Sif Muna's Volume of the Harmful Mountains (Sif
                  | Muna gifted it to you on level 3 of the Dungeon)
 19396 | D:3      | Received a gift from Sif Muna
 19402 | D:3      | Killed Cykl0x's ghost
 19589 | D:7      | Killed Maggie
 19862 | Orc:1    | Entered Level 1 of the Orcish Mines
 19881 | Orc:1    | Reached skill level 10 in Fighting
 20169 | Orc:1    | Reached skill level 11 in Spellcasting
 20182 | Orc:1    | Noticed Josephine
 20201 | Orc:1    | Killed Josephine
 20277 | Orc:1    | Noticed Fannar
 20292 | Orc:1    | Killed Fannar
 20431 | Orc:1    | Found Xemed's Magic Scroll Shop.
 20446 | Orc:1    | Bought a scroll of identify for 20 gold pieces
 20446 | Orc:1    | Bought a scroll of identify for 20 gold pieces
 20544 | Orc:2    | Entered Level 2 of the Orcish Mines
 20695 | Orc:2    | Reached skill level 10 in Invocations
 21148 | Orc:2    | Found a staircase to the Elven Halls.
 21499 | Orc:2    | Reached skill level 11 in Invocations
 21727 | Orc:2    | Found a burning altar of Makhleb.
 21821 | Orc:2    | Reached XP level 15. HP: 115/115 MP: 22/30
 22227 | Orc:2    | Reached skill level 12 in Invocations
 22315 | Orc:2    | Noticed a stone giant
 22379 | Orc:2    | Killed a stone giant
 22647 | Orc:2    | Found Tarhieh's Magic Scroll Boutique.
 22706 | Orc:2    | Found Nitysh's Antique Armour Boutique.
 22707 | Orc:2    | Found Fageaxee's Antique Weapon Emporium.
 22729 | Orc:2    | Bought a scroll of identify for 30 gold pieces
 22729 | Orc:2    | Identified the +8 whip "Tattletale" {freeze, rElec rPois
                  | Dex-2} (You found it on level 4 of the Lair of Beasts)
 22732 | Orc:2    | Found Aquamueq's Jewellery Shop.
 22868 | Orc:2    | Bought the amulet "Newko" {Acrobat Str-4 Slay+4 SInv} for
                  | 694 gold pieces
 23210 | D:11     | Identified Sif Muna's Volume of Floating Illusion (Sif Muna
                  | gifted it to you on level 11 of the Dungeon)
 23210 | D:11     | Received a gift from Sif Muna
 23871 | D:11     | Found a portal to a secret trove of treasure.
 24106 | D:12     | Noticed Maurice
 24204 | D:12     | Found a shimmering altar of Xom.
 24976 | D:13     | Learned a level 5 spell: Lightning Bolt
 25224 | D:13     | Reached skill level 13 in Dodging
 25224 | D:13     | Reached skill level 13 in Conjurations
 25224 | D:13     | Reached skill level 1 in Air Magic
 25286 | D:13     | Found a gate to the Vaults.
 25295 | D:13     | Reached skill level 2 in Air Magic
 25578 | D:13     | Reached skill level 3 in Air Magic
 25677 | D:13     | Noticed Kirke
 25834 | D:13     | Reached skill level 4 in Air Magic
 25838 | D:13     | HP: 25/115 [freezing wraith (11)]
 25844 | D:13     | HP: 14/115 [tengu conjurer (1)]
 25849 | D:13     | HP: 7/115 [tengu conjurer/bolt of lightning (4)]
 25850 | D:13     | Slain by a freezing wraith

Illustrated notes

Levels and vault maps discovered:
D:1:      minmay_arrival_five_plusses, layout_loops_corners
D:2:      layout_basic, old_standard_altar, minmay_vboxes
D:3:      layout_basic, lemuel_round_altar, lemuel_crystal_altar,
          gammafunk_ghost_mausoleum
D:4:      layout_basic, minmay_temple_entry_grid, uniq_robin, uniq_menkaure
D:5:      kennysheep_steamy, layout_basic, fedhas_ov_isle_minmay,
          uniq_crazy_yiuf_cottage
D:6:      layout_loops_ring, overflow_temple_1_default,
          gammafunk_ghost_nasty_kobolds
D:7:      layout_cave_pods, grunt_gozag_breadcrumbs, minitemple,
          nzn_hepliaklqana_mist_gate, uniq_maggie
D:8:      layout_basic, minmay_misc_feat_secret_circle, uniq_pikel
D:9:      layout_stronghold
D:10:     layout_stronghold, lair_entry_dummy, orc_0_dummy, enter_bailey_2,
          uniq_sonja
D:11:     layout_long_grid, enter_trove_3
D:12:     layout_long_grid, xom_teletrap_fun, uniq_maurice
D:13:     layout_basic, david_vaults_1, onia_ninara_cookie, uniq_erolcha,
          uniq_kirke
Temple:   cyrus_circular_temple
Lair:1:   layout_chaotic_city
Lair:2:   layout_long_grid, minmay_snake_entry_guardpost_small, basic_altar,
          wad_woods_01, uniq_harold
Lair:3:   layout_roguey, swamp_mist_pool, grunt_megastairs_5
Lair:4:   gammafunk_indiana_jones, layout_loops_ring, forest_entry_grove,
          lemuel_fruit_tree, uniq_nessos
Lair:5:   nzn_winding_woodlands_stair_trap [nzn_winding_woodlands_5x15_eye,
          nzn_winding_woodlands_5x15_sidewinder,
          nzn_winding_woodlands_5x15_river_crossing,
          nzn_winding_woodlands_15x15_thick_spiral,
          nzn_winding_woodlands_5x15_garden, nzn_winding_woodlands_5x15_pockets,
          nzn_winding_woodlands_5x15_lazy_stream], layout_regular_city,
          beast_lair_carwin_7
Orc:1:    layout_diamond_mine, serial_shops, nicolae_shop_crystal, uniq_fannar,
          uniq_josephine
Orc:2:    st_orc_open, layout_caves, basic_altar

Skill      XL: |  1  2  3  4  5  6  7  8  9 10 11 12 13 14 15 |
---------------+----------------------------------------------+-----
Conjurations   | 5 6 8 9 10 11 12 13 | 13.0
Spellcasting   | 3 6 9 10 11 | 11.0
Dodging        | 4 6 7 9 10 11 12 13 | 13.0
Translocations | 2 4 5 |  5.0
Invocations    | 1 8 9 11 12 | 12.0
Fighting       | 2 9 10 | 10.0
Air Magic      | 4 |  4.5
Stealth        | |  2.0

Action                   |  1- 3 |  4- 6 |  7- 9 | 10-12 | 13-15 || total
-------------------------+-------+-------+-------+-------+-------++-------
Melee: Short sword       |     6 |    12 |       |       |       ||    18
       Dagger            |       |       |    40 |       |       ||    40
       Long sword        |       |       |       |    18 |    44 ||    62
Throw: Dart              |       |       |       |    28 |    33 ||    61
 Cast: Magic Dart        |    47 |    80 |    44 |    84 |    83 ||   338
       Searing Ray       |     2 |    20 |    36 |   131 |   218 ||   407
       Blink             |       |       |     2 |    17 |     1 ||    20
       Dazzling Flash    |       |       |       |     6 |     7 ||    13
       Iskenderun's Myst |       |       |       |     5 |    81 ||    86
       Lightning Bolt    |       |       |       |       |     4 ||     4
Invok: Channel Magic     |       |       |       |     1 |     3 ||     4
  Use: Scroll            |       |       |     8 |    20 |    14 ||    42
       Potion            |       |       |       |     2 |     4 ||     6
 Stab: Sleeping          |     1 |     1 |     2 |       |     1 ||     5
Armor: Robe              |     4 |       |       |       |       ||     4
       Leather armour    |     2 |     6 |    14 |    49 |    69 ||   140
Dodge: Dodged            |     7 |    17 |    57 |   306 |   494 ||   881
       Rpst.: Long sword |       |       |       |    43 |    96 ||   139

Table legend: (Time is in decaauts)
 A = Elapsed time spent in this place.
 B = Non-inter-level travel time spent in this place.
 C = Inter-level travel time spent in this place.
 D = Time resting spent in this place.
 E = Time spent auto-exploring this place.
 F = Levels seen in this place.
 G = Mean time per level.
                   A        B        C        D        E       F      G
               +--------+--------+--------+--------+--------+-----+--------+
         Total |  25845 |  23767 |   2078 |   4343 |  15060 |  22 | 1174.8 |
       Dungeon |  15057 |  13718 |   1339 |   1593 |   9648 |  13 | 1158.2 |
        Temple |     62 |     53 |      9 |      0 |     53 |   1 |   62.0 |
          Lair |   7426 |   6836 |    590 |   1485 |   4283 |   5 | 1485.2 |
  Orcish Mines |   3014 |   2875 |    139 |   1125 |   1001 |   2 | 1507.0 |
        Bailey |    284 |    284 |      0 |    140 |     75 |   1 |  284.0 |
               +--------+--------+--------+--------+--------+-----+--------+

Top non-repeatable levels by time:
  Lair:5: 1978 daAuts
    D:10: 1833 daAuts
   Orc:2: 1827 daAuts
  Lair:4: 1723 daAuts
  Lair:3: 1346 daAuts
     D:4: 1316 daAuts
  Lair:1: 1305 daAuts
     D:7: 1293 daAuts
     D:5: 1272 daAuts
     D:2: 1260 daAuts
   Orc:1: 1187 daAuts
     D:9: 1182 daAuts
     D:6: 1165 daAuts
     D:1: 1154 daAuts
     D:8: 1149 daAuts

Table legend:
 A = Kills in this place as a percentage of kills in entire the game.
 B = Kills by you in this place as a percentage of kills by you in the entire game.
 C = Kills by friends in this place as a percentage of kills by friends in the entire game.
 D = Other kills in this place as a percentage of other kills in the entire game.
 E = Experience gained in this place as a percentage of experience gained in the entire game.
 F = Experience gained in this place divided by the number of levels of this place that you have seen.
                   A       B       C       D       E      F
               +-------+-------+-------+-------+-------+----------------------
         Total | 100.0 | 100.0 | 100.0 |   N/A | 100.0 | 4589.3
       Dungeon |  55.8 |  55.9 |   0.0 |   N/A |  31.8 | 2472.7
          Lair |  25.9 |  25.8 | 100.0 |   N/A |  43.0 | 8682.2
  Orcish Mines |  15.7 |  15.7 |   0.0 |   N/A |  24.8 | 12499.5
        Bailey |   2.6 |   2.6 |   0.0 |   N/A |   0.4 | 409.0
               +-------+-------+-------+-------+-------+----------------------
